 Dungeon Crawl Stone Soup version 0.23-a0-608-g7a20e1320a (webtiles) character file.

92 Hercules1031 the Cudgeler (level 4, -1/44 HPs)
             Began as a Troll Fighter on Dec 21, 2018.
             Slain by a water moccasin (5 damage)
             ... on level 3 of the Dungeon.
             The game lasted 00:07:30 (1800 turns).

Hercules1031 the Cudgeler (Troll Fighter)           Turns: 1800, Time: 00:07:32

Health: -1/44      AC:  6    Str: 25    XL:     4   Next: 35%
Magic:  4/4        EV:  8    Int:  4    God:
Gold:   97         SH:  9    Dex: 11    Spells: 3/3 levels left

rFire    . . .     SeeInvis +   o - +2 whip (antimagic)
rCold    . . .     Gourm    +   c - +0 shield
rNeg     . . .     Faith    .   b - +0 robe
rPois    .         Spirit   .   (helmet restricted)
rElec    .         Reflect  .   n - +0 cloak
rCorr    .         Harm     .   (gloves unavailable)
MR       .....     Rnd*Tele +   (boots unavailable)
Stlth    +.........             (no amulet)
HPRegen  0.54/turn              r - ring of magical power
MPRegen  0.09/turn              v - +1 ring of slaying

@: lethally poisoned (-1 -> -19)
A: large, unfitting armour, claws 3, talons 1, see invisible, agile 1, fast
metabolism 3, gourmand, regeneration 1, shaggy fur 1, teleportitis 1, tough skin
2
a: no special abilities


You were on level 3 of the Dungeon.
You were very hungry.

You visited 1 branch of the dungeon, and saw 3 of its levels.

You collected 97 gold pieces.

Inventory:

Hand Weapons
 a - a +0 flail
 o - a +2 antimagic whip (weapon)
Armour
 b - a +0 robe (worn)
 c - a +0 shield (worn)
 n - a +0 cloak (worn)
Jewellery
 r - a ring of magical power (left claw)
 u - an uncursed ring of wizardry
 v - a +1 ring of slaying (right claw)
Scrolls
 e - 2 scrolls of identify {unknown}
 h - a scroll of amnesia {unknown}
 i - a scroll of noise {unknown}
 j - a scroll of enchant armour {unknown}
 l - a scroll of remove curse {unknown}
 p - 2 scrolls of fear {unknown}
 q - 3 scrolls of teleportation {unknown}
 s - a scroll of magic mapping {unknown}
 w - a scroll of fog {unknown}
Potions
 d - a potion of might
 g - a potion of curing {unknown}
 k - 2 potions of ambrosia {unknown}
 m - a potion of berserk rage {unknown}
 t - 3 potions of degeneration {unknown}


   Skills:
 + Level 2.9 Fighting
 * Level 3.0 Maces & Flails
 + Level 2.9 Dodging
 + Level 2.9 Shields


You had 3 spell levels left.
You didn't know any spells.
Your spell library was empty.

Dungeon Overview and Level Annotations

Branches:
Dungeon (3/15)

Altars:
Kikubaaqudgha


Innate Abilities, Weirdness & Mutations

You are too large for most types of armour.
You have claws for hands.
Your metabolism is lightning-fast.
You like to eat raw meat.
Your natural rate of healing is unusually fast.
You are covered in fur. (AC +1)
You have very tough skin. (AC +2)
You have sharp toenails.
You have supernaturally acute eyesight. (SInv)
You are agile. (Dex +2)
You are occasionally teleported next to monsters.


Message History

The water moccasin bites you.
You are more poisoned.
The water moccasin poisons you!
You are feeling very hungry.
You hit the water moccasin.
The water moccasin is heavily wounded.
You feel sick. The water moccasin bites you!
* * * LOW HITPOINT WARNING * * *
You are lethally poisoned!
The water moccasin poisons you! The water moccasin bites you.
* * * LOW HITPOINT WARNING * * *
You are more poisoned.
The water moccasin poisons you!
It was a potion of mutation.
You feel extremely strange.
Your toenails lengthen and sharpen.
You feel agile.
You feel weirdly uncertain.
Your vision sharpens.
* * * LOW HITPOINT WARNING * * *
You feel very sick. The water moccasin bites you.
You die...

..........................
#.......................
#..#.......................
#..[....................(.
##..........######........
##..)......######.[......
#.........##.....<[.()...
#....?..S..#.............
.........@............#.##
.##...........##########.#
............# >#
.........%..... ..
.#.............. .#
#.............. .#
###.#........[.
#...#........


You could see a water moccasin.

Vanquished Creatures
  2 adders (D:2)
  An ooze (D:2)
  A worm (D:2)
  2 dart slugs
  3 leopard geckos
  6 orcs
  4 giant cockroaches
  5 goblins
  6 hobgoblins
  2 quokkas (D:2)
  7 bats
  3 frilled lizards (D:1)
  6 kobolds
  7 rats
  A bush (D:2)
56 creatures vanquished.

Notes
Turn   | Place    | Note
-------+----------+-------------------------------------------
     0 | D:1      | Hercules1031 the Troll Fighter began the quest for the Orb.
     0 | D:1      | Reached XP level 1. HP: 22/22 MP: 0/0
    76 | D:1      | Reached skill level 2 in Maces & Flails
    91 | D:1      | Reached XP level 2. HP: 15/29 MP: 1/1
   463 | D:1      | Reached XP level 3. HP: 34/36 MP: 0/2
   610 | D:2      | Found an ancient bone altar of Kikubaaqudgha.
  1317 | D:2      | Reached XP level 4. HP: 40/44 MP: 3/3
  1725 | D:2      | Reached skill level 3 in Maces & Flails
  1784 | D:3      | Noticed a water moccasin
  1800 | D:3      | Gained mutation: You have sharp toenails. [potion of
                  | mutation]
  1800 | D:3      | Gained mutation: You are agile. (Dex +2) [potion of
                  | mutation]
  1800 | D:3      | Gained mutation: You are occasionally teleported next to
                  | monsters. [potion of mutation]
  1800 | D:3      | Gained mutation: You have supernaturally acute eyesight.
                  | (SInv) [potion of mutation]
  1800 | D:3      | Slain by a water moccasin

Vault maps used:
D:1:      nzn_arrival_crosshair, serial_park_tiny_1,
          chequers_serial_rivers_large_a
D:2:      serial_forest, infiniplex_forest_lined_3, infiniplex_forest_split,
          infiniplex_forest_lined_corner, infiniplex_forest_clump_small,
          infiniplex_forest_pool, infiniplex_forest_clump_small,
          infiniplex_forest_corner_2, lemuel_altar_in_water2
D:3:      gup_sewer_entry_bubbles, first_ration

Skill      XL: |  1  2  3  4 |
---------------+-------------+-----
Maces & Flails | 2 3 |  3.0
Fighting       | |  2.9
Dodging        | |  2.9
Shields        | |  2.9

Action                   |  1- 3 |  4- 6 || total
-------------------------+-------+-------++-------
Melee: Flail             |    78 |       ||    78
       Whip              |    79 |   156 ||   235
  Use: Scroll            |     1 |       ||     1
       Potion            |       |     1 ||     1
  Eat: Ration            |     3 |     1 ||     4
Armor: Robe              |    84 |    61 ||   145
Dodge: Dodged            |    67 |    58 ||   125
Block: Shield            |    98 |    67 ||   165

Table legend:
 A = Non-vault XP
 B = Vault XP
 C = Vault XP percentage of total XP
 D = Non-vault monster count
 E = Vault monster count
 F = Vault count percentage of total count
                 A         B        C        D         E       F
            +---------+---------+-------+---------+---------+-------
      Total |     132 |       0 |   0.0 |      55 |       0 |   0.0
            +---------+---------+-------+---------+---------+-------
        D:1 |      42 |       0 |   0.0 |      26 |       0 |   0.0
        D:2 |      74 |       0 |   0.0 |      23 |       0 |   0.0
        D:3 |      16 |       0 |   0.0 |       6 |       0 |   0.0
            +---------+---------+-------+---------+---------+-------
